 Dungeon Crawl Stone Soup version 0.18-a0-1773-gec4f98e (webtiles) character file.

65 epen the Slasher (level 4, -1/39 HPs)
             Began as a Naga Gladiator on Apr 14, 2016.
             Slain by Ijyb
             ... wielding a +0 dagger of venom
              (2 damage)
             ... on level 2 of the Dungeon.
             The game lasted 00:02:42 (1836 turns).

epen the Slasher (Naga Gladiator)                   Turns: 1836, Time: 00:02:43

Health: -1/39      AC:  3    Str: 18    XL:     4   Next: 14%
Magic:  4/4        EV: 10    Int:  8    God:
Gold:   36         SH:  0    Dex: 12    Spells: 0 memorised, 3 levels left

rFire  . . .     SeeInvis +     a - +0 long sword
rCold  . . .     Gourm    .     b - +0 leather armour
rNeg   . . .     Faith    .     (no shield)
rPois  +         Spirit   .     c - +0 helmet
rElec  .         Dismiss  .     (no cloak)
rCorr  .         Reflect  .     (no gloves)
SustAt .         Harm     .     (no barding)
MR     .....                    (no amulet)
Stlth  ++........               (no ring)
                                (no ring)

@: short of breath, very slow, not resistant to hostile enchantments, unstealthy
A: see invisible, deformed body, poison resistance, slowness 2, slow metabolism
1, spit poison 2, AC +1
a: Spit Poison


You were on level 2 of the Dungeon.
You were not hungry.

You visited 1 branch of the dungeon, and saw 2 of its levels.

You collected 36 gold pieces.

Inventory:

Hand Weapons
 a - a +0 long sword (weapon)
Missiles
 d - 3 throwing nets (quivered)
Armour
 b - a +0 leather armour (worn)
 c - a +0 helmet (worn)
 g - a +0 chain mail
Scrolls
 e - a scroll of immolation {unknown}
 i - a scroll of enchant armour {unknown}
 k - a scroll of blinking {unknown}
 l - a scroll of remove curse {unknown}
 n - 3 scrolls of enchant weapon {unknown}
Potions
 h - a potion of resistance {unknown}
 j - a potion of brilliance {unknown}
 m - a potion of cancellation {unknown}
 o - 2 potions of magic {unknown}
Comestibles
 f - a bread ration


   Skills:
 - Level 2.0 Fighting
 * Level 3.8 Long Blades
 - Level 1.7 Throwing
 * Level 3.2 Dodging
 + Level 1.9 Stealth


You had 3 spell levels left.
You didn't know any spells.

Dungeon Overview and Level Annotations

Branches:
Dungeon (2/15)

Altars:

Annotations:
D:2 Ijyb


Innate Abilities, Weirdness & Mutations

You cannot wear boots.
Your serpentine skin is tough (AC +1).
You have supernaturally acute eyesight.
Armour fits poorly on your strangely shaped body.
Your system is resistant to poisons.
You cover ground very slowly.
You have a slow metabolism.
You can spit poison.


Message History

The bat hits you but does no damage.
The bat hits you but does no damage. x3; Ijyb zaps a wand.
The bolt of lightning hits the bat.
The bat dies!
The bolt of lightning hits you!
It is a wand of lightning.
Press: ? - help, Shift-Dir - straight line, f - Ijyb
Aim: Ijyb, wielding a dagger of venom, wearing a leather armour and carrying a wand of lightning {zapped: 1} The splash of poison hits Ijyb.
Ijyb is poisoned.
Ijyb is lightly wounded.
You feel slightly more hungry.
Ijyb zaps a wand.
The bolt of lightning misses you.
Ijyb zaps a wand.
The bolt of lightning hits you!
Ouch! That really hurt!
* * * LOW HITPOINT WARNING * * *
Ijyb barely misses you.
You see here a bat corpse.
You slash Ijyb!
Ijyb is heavily wounded.
Ijyb hits you with a dagger of venom.
You die...

#.###########
###
#...g@......#
..#
#.#########.#
..# ######.#
..## #......#
...#
###.#...##
##.#
.........# #.#
.#######.#
.#.# #.#
.#.#########.#
#.#


You could see Ijyb.

Vanquished Creatures
  2 adders
  2 oozes
  A dart slug (D:1)
  A giant cockroach (D:1)
  6 goblins
  7 hobgoblins
  7 bats
  10 kobolds (D:1)
  2 rats (D:1)
38 creatures vanquished.

Vanquished Creatures (others)
  A bat (D:2)
1 creature vanquished.

Grand Total: 39 creatures vanquished

Notes
Turn   | Place    | Note
--------------------------------------------------------------
     0 | D:1      | epen the Naga Gladiator began the quest for the Orb.
     0 | D:1      | Reached XP level 1. HP: 19/19 MP: 1/1
   431 | D:1      | Reached XP level 2. HP: 25/26 MP: 2/2
   498 | D:1      | Reached skill level 1 in Stealth
   881 | D:1      | Reached XP level 3. HP: 31/32 MP: 3/3
  1565 | D:2      | Reached XP level 4. HP: 20/39 MP: 4/4
  1830 | D:2      | Noticed Ijyb
  1835 | D:2      | HP: 1/39 [Ijyb/wand of lightning (22)]
  1836 | D:2      | Slain by Ijyb

Vault maps used:
D:1:      minmay_arrival_glassed_features, st_stairs_7
D:2:      first_bread, johnstein_pakellas_dig, uniq_iyjb, uniq_robin

Skill      XL: |  1  2  3 |
---------------+----------+-----
Stealth        | 1 |  1.9
Dodging        | 3 |  3.2
Fighting       | |  2.0
Long Blades    | |  3.8
Throwing       | |  1.7

Action                   |  1- 3 |  4- 6 || total
-------------------------+-------+-------++-------
Melee: Long sword        |   122 |    19 ||   141
 Abil: Spit Poison       |       |     1 ||     1
 Stab: Sleeping          |     2 |     1 ||     3
  Eat: Chunk             |     1 |     1 ||     2
Armor: Leather armour    |    47 |    19 ||    66
Dodge: Dodged            |    90 |    18 ||   108
